Description

This is a defensive build that sits back with three Command Centre, and defend against most early attacks with Factory units.

This is TY's go-to TvP build in Dreamhack (the first premier LotV tournament), and it is something worth studying. Given that TY makes adjustments accordingly, his build orders for this build in his games aren't always the same. The stated build order below can be considered the default one.

You can read more about this build on Terrancraft.

VOD

https://youtu.be/3qzSlRmTCDY

Replay - PartinG v TYTY: Game 3 - Prion Terraces

Build Order

Get SALT Encoding   

  12  0:00   SCV  
  13  0:12   SCV  
  14  0:17   Supply Depot  
  14  0:25   SCV  
  15  0:39   SCV  
  15  0:41   Barracks  
  16  0:44   Refinery  
  16  0:51   SCV  
  17  1:03   SCV  
  18  1:15   SCV  
  19  1:28  @100% barracks -->Reaper, Orbital Command  
  20  1:42  @400 minerals, 100% Orbital -->Command Center  
  20  1:56   SCV  
  20  1:58   Supply Depot  
  20  2:01  @100% Reaper (build Marines with it) -->Barracks Reactor  
  21  2:08   SCV  
  22  2:20   SCV  
  23  2:22  @100 gas -->Factory  
  23  2:32   SCV  
  24  2:37   Marine x2  
  26  2:47  @400 minerals -->Command Center  
  26  2:50   SCV  
  27  2:55   Marine x2  
  29  3:01   Orbital Command  
  29  3:05   SCV  
  30  3:07  @100% Factory -->Factory Tech Lab  
  30  3:13   Marine  
  30  3:15   Marine  
  30  3:18   SCV  
  33  3:27  @100% Tech Lab -->Cyclone  
  33  3:29   SCV  
  33  3:31   SCV  
  38  3:38   Supply Depot  
  38  3:41   Marine, SCV  
  39  3:42   Marine  
  39  3:45   SCV  
  42  3:51   Bunker  
  42  3:53   SCV  
  43  3:57   SCV  
  43  3:59  @100% Command Center -->Refinery  
  44  4:05   Orbital Command, SCV  
  44  4:09   SCV  
  46  4:13  @100% Cyclone -->Marine, Siege Tank  
  46  4:16   Marine  
  51  4:17   SCV  
  51  4:23   SCV  
  53  4:29   SCV  
  53  4:31   Marine  
  54  4:32   SCV, Supply Depot  
  54  4:33   Marine  
  54  4:34  @300 minerals -->Barracks  
  54  4:35   SCV  
  58  4:44   Bunker  
  58  4:45  @100% Tank -->Siege Tank, SCV  
  61  4:46   SCV  
  61  4:49   Marine, SCV  
  65  4:58   SCV  
  66  5:01   SCV  
  66  5:02   Barracks  
  66  5:05  @250 minerals (get +1/+1) -->Engineering Bay  
  66  5:06   SCV, Engineering Bay  
  67  5:10  @150 minerals -->Refinery x2, SCV  
  68  5:17   Orbital Command  
  68  5:18   Marine x2  
  68  5:20   SCV  
  72  5:24   SCV  
  72  5:25  (swap Tech Labs and make a Tech Lab for Barracks) -->Supply Depot, Factory Tech Lab  
  72  5:32   SCV  
  72  5:35   Terran Infantry Weapons Level 1, Terran Infantry Armor Level 1  
  73  5:36   SCV  
  73  5:37   Missile Turret, Marine x2  
  73  5:40   Stimpack  
  76  5:45   SCV  
  76  5:47   SCV  
  76  5:48   SCV  
  78  5:56  @150 gas (swap later for double Medivacs) -->Factory Reactor, Starport  
Spawning Tool Build Advisor. Get it on Overwolf

Analysis

Adept with Warp Prism has been a problem for many Terran players. The current understanding is that a Cyclone is the way to go against Warp Prism, and it is used in most macro builds even if you do not go for an early third Command Centre. Given that you took an early third Command Centre, you're vulnerable to other timings like Adept Immortal or Blink Stalkers. The subsequent production of Siege Tanks fills this gap before your bio production and upgrade kicks in in the mid game.

You can read more about this build on Terrancraft.

Go to:

Details

Become a Patron
  • Created by: Maxilicious  
  • Published on: Dec 09, 2015
  • Modified on: Dec 12, 2015
  • Patch: Pre-3.8.0
Show
View Real Time Build Order
Export as new Build Order

Comments (3)

On Feb. 17, 2016, 9:26 a.m., Delta  said:

I think it's risky to do macro against Protoss, since they are so strong against lategame Terran...

On Feb. 8, 2016, 8:35 a.m., Delphinon  said:

There are 4 Orbital Commands (1:28, 3:01, 4:05, 5:17) for 3 Command Centers.

On Dec. 13, 2015, 7:24 a.m., MorN  said:

Hey max, great build! Glad to see your content on the site. I'm excited for the exposure that we can give to terrancraft!

Create an account to comment!